AoeStats
← Joe

Arena

510201734Analyzed
4v4 RM · 2d ago on Sep 29, 2026· 41m 15s· 8 players
Game mode
Random Map
Map size
Large (8 player)
Population
200
Speed
Normal
Resources
Standard
Victory
Conquest
Starting age
Dark Age
Ending age
Imperial Age
RankedLock teamsTeams togetherTeam positionsShared explorationLock speedFull tech treeHidden civsTurbo modeCheats
Victory
Defeat
🇧🇷 Varangians · Brazil
1338
+12
🇺🇸 Britons · United States
1321
+13
🇧🇷 Italians · Brazil
1241
+16
🇧🇷 Persians · Brazil
1156
+20
🇩🇪 Muisca · Germany
1279
-17
🇦🇷 Spanish · Argentina
1277
-16
🇨🇦 Khmer · Canada
1249
-15
🇦🇷 Celts · Argentina
1185
-13
Pelado
5:05 Loom
12:10 Feudal Age
12:46 Horse Collar
12:52 Double-Bit Axe
16:30 Castle Age
17:21 Heavy Plow
17:32 Bow Saw
19:06 Wheelbarrow
24:07 Gold Mining
24:08 Stone Mining
25:05 Hand Cart
27:26 Gold Shaft Mining
30:03 Imperial Age
27:22 Town Watch
28:08 Stone Mining
29:30 Scale Mail Armor
29:40 Forging
29:37 Pikeman
30:05 Arson
30:36 Chain Mail Armor
30:09 Heavy Scorpion
31:50 Chemistry
31:11 Ballistics
31:44 Town Patrol
32:35 Plate Mail Armor
32:40 Iron Casting
33:24 Conscription
33:29 Siege Engineers
34:25 Furor Celtica
35:43 Capped Ram
36:23 Halberdier
37:23 Siege Ram
el pichichi
13:26 Feudal Age
18:05 Castle Age
17:19 Double-Bit Axe
17:16 Horse Collar
17:41 Gold Mining
18:56 Bow Saw
19:24 Loom
19:51 Heavy Plow
19:51 Loom
27:27 Imperial Age
26:14 Forging
26:09 Scale Barding Armor
25:27 Light Cavalry
26:22 Bloodlines
26:12 Husbandry
29:33 Two-Man Saw
28:40 Cavalier
30:11 Wheelbarrow
31:12 Conscription
32:38 Iron Casting
33:54 Fletching
39:31 Pikeman
40:11 Squires
39:57 Arson
Joe
11:23 Feudal Age
12:44 Double-Bit Axe
16:28 Castle Age
14:52 Horse Collar
15:20 Gold Mining
18:52 Bow Saw
20:27 Wheelbarrow
20:07 Heavy Plow
27:29 Imperial Age
25:03 Town Watch
25:03 Loom
26:02 Bloodlines
25:52 Husbandry
27:09 Light Cavalry
29:01 Conscription
29:12 Stone Mining
29:56 Crop Rotation
29:57 Hussar
31:56 Gold Shaft Mining
31:58 Stone Shaft Mining
31:57 Scale Barding Armor
32:46 Forging
32:26 Fletching
33:33 Chain Barding Armor
34:42 Iron Casting
35:22 Padded Archer Armor
35:21 Bodkin Arrow
36:52 Plate Barding Armor
37:17 Blast Furnace
36:21 Elite Ballista Elephant
38:01 Hand Cart
37:47 Town Patrol
38:48 Hoardings
41:00 Bracer
40:31 Cavalier
pro_backseatgamer
11:00 Feudal Age
12:20 Town Watch
15:11 Castle Age
13:56 Double-Bit Axe
13:54 Horse Collar
16:03 Fletching
17:40 Bow Saw
25:13 Loom
29:15 Imperial Age
27:39 Bodkin Arrow
27:54 Padded Archer Armor
30:20 Bracer
30:36 Leather Archer Armor
32:07 Masonry
36:42 Murder Holes
38:24 Chemistry
37:49 Pikeman
38:30 Squires
38:59 Scale Mail Armor
39:09 Forging
39:59 Champi Runner
41:02 Conscription
MineirodeOuro
7:50 Loom
10:43 Feudal Age
11:53 Double-Bit Axe
15:05 Castle Age
13:29 Horse Collar
17:46 Wheelbarrow
20:10 Loom
23:01 Fletching
23:28 Bow Saw
25:03 Gold Mining
26:18 Hand Cart
26:37 Heavy Plow
29:51 Imperial Age
27:07 Town Watch
28:02 Fletching
28:23 Padded Archer Armor
28:57 Bodkin Arrow
29:23 Ballistics
30:12 Yeomen
30:17 Leather Archer Armor
31:43 Masonry
33:21 Chemistry
32:38 Fortified Wall
33:17 Architecture
33:48 Elite Longbowman
35:10 Conscription
35:11 Bracer
35:58 Squires
35:19 Pikeman
36:00 Scale Mail Armor
36:31 Ring Archer Armor
36:12 Forging
38:53 Chain Mail Armor
39:14 Iron Casting
38:00 Halberdier
40:42 Two-Man Saw
40:59 Siege Engineers
40:41 Arrowslits
40:48 Guard Tower
[LCDR]Zuru
4:38 Loom
10:53 Feudal Age
14:31 Castle Age
12:39 Double-Bit Axe
13:02 Horse Collar
15:38 Bow Saw
23:07 Heavy Plow
23:50 Wheelbarrow
25:42 Hand Cart
26:05 Town Watch
30:50 Imperial Age
30:59 Imperial Age
28:52 Scale Barding Armor
28:57 Forging
29:54 Padded Archer Armor
30:15 Chain Barding Armor
30:09 Gold Mining
30:10 Stone Mining
30:52 Bloodlines
30:42 Husbandry
31:27 Iron Casting
32:11 Coinage
31:03 Cavalier
32:46 Plate Barding Armor
32:20 Vendel Legacy
35:01 Blast Furnace
35:47 Conscription
35:53 Scale Mail Armor
35:44 Fletching
36:09 Leather Archer Armor
36:08 Masonry
36:43 Stone Shaft Mining
36:31 Caravan
37:02 Coinage
36:50 Light Cavalry
38:08 Guilds
39:04 Two-Man Saw
38:35 Crop Rotation
38:37 Architecture
39:08 Chemistry
38:28 Ballistics
38:26 Chain Mail Armor
38:06 Bodkin Arrow
37:42 Hussar
39:48 Town Patrol
39:41 Elite Jarl
41:41 Siege Engineers
41:47 Fortified Wall
BRAZILBIKINI
9:40 Feudal Age
10:35 Loom
14:39 Castle Age
12:39 Double-Bit Axe
13:39 Horse Collar
24:37 Wheelbarrow
30:37 Imperial Age
29:02 Bloodlines
29:42 Gold Mining
30:00 Husbandry
30:08 Scale Barding Armor
30:14 Forging
31:04 Cavalier
32:17 Chain Barding Armor
32:33 Iron Casting
34:05 Chemistry
33:26 Ballistics
34:01 Plate Barding Armor
34:31 Caravan
35:27 Heavy Plow
35:47 Bow Saw
36:16 Savar
38:56 Citadels
39:10 Conscription
39:20 Murder Holes
39:36 Masonry
39:20 Fletching
40:31 Blast Furnace
LzDazz
9:51 Feudal Age
14:29 Castle Age
12:52 Double-Bit Axe
15:01 Horse Collar
16:51 Loom
17:55 Bow Saw
20:36 Wheelbarrow
25:07 Fletching
29:31 Imperial Age
27:01 Loom
28:01 Bodkin Arrow
29:20 Ballistics
30:42 Gold Mining
32:00 Chemistry
31:08 Bracer
31:09 Padded Archer Armor
31:37 Conscription
32:11 Thumb Ring
33:19 Elite Genoese Crossbowman
35:52 Leather Archer Armor
35:44 Scale Barding Armor
35:50 Forging
41:08 Light Cavalry
41:58 Bloodlines
41:48 Husbandry
Connection lost

Rejoining the realm…

Still unreachable

The connection could not be restored.

Session expired

The server has moved on; the page needs a fresh start.